Map: 카이로스 정션 - 래더

Players

SuperNova

  • Race: Terran Terran
  • League: Grandmaster
  • Spawn Location: 5:00

Zest - Winner!

  • Race: Protoss Protoss
  • League: Master
  • Spawn Location: 11:00

VOD

Have the link to the VOD?

Description

Time

  • Played on: Aug. 8, 2019, 5:50 a.m.
  • Length: 6:05
Show
View Real Time Build Order
Export as new Build Order

SuperNova Terran 

Build Orders: Reaper Expand 

Get SALT Encoding   

  12  0:00  SCV  
  13  0:12  SCV  
  14  0:16  Supply Depot  
  14  0:24  SCV  
  15  0:38  SCV  
  15  0:40  Barracks  
  16  0:50  Refinery, SCV  
  17  1:02  SCV  
  18  1:14  SCV  
  19  1:27  Orbital Command  
  19  1:33  Reaper  
  19  1:39  Command Center  
  20  1:47  Supply Depot  
  20  1:52  SCV  
  21  2:04  SCV, Marine  
  23  2:11  Factory  
  23  2:17  SCV  
  23  2:18  Refinery  
  24  2:27  Barracks Reactor  
  24  2:29  SCV  
  24  2:41  SCV  
  25  2:51  Orbital Command  
  25  2:54  SCV  
  26  3:01  Factory Tech Lab  
  26  3:03  Marine  
  26  3:05  Armory, Marine  
  27  3:08  SCV  
  29  3:17  SCV  
  30  3:20  SCV  
  30  3:21  Marine, Cyclone  
  30  3:23  Marine  
  36  3:28  Supply Depot  
  37  3:35  SCV  
  37  3:38  SCV, Marine  
  37  3:41  Marine, Starport  
  40  3:52  Supply Depot  
  40  3:53  Widow Mine  
  40  3:54  SCV  
  40  3:55  Bunker  
  42  3:57  Drilling Claws  
  42  4:02  Marine  
  41  4:03  Marine  
  41  4:06  SCV  
  42  4:14  Widow Mine  
  42  4:20  Orbital Command, SCV, Marine  
  42  4:21  Marine  
  43  4:32  SCV, Medivac  
  43  4:36  Widow Mine  
  43  4:38  Marine x2  
  49  4:47  SCV  
  50  4:55  Marine  
  50  4:57  Siege Tank, Marine  
  55  5:02  SCV  
  51  5:13  Marine  
  46  5:21  SCV  
  46  5:23  Marine  
  41  5:41  Marine  
Show
View Real Time Build Order
Export as new Build Order

Zest Protoss - Winner!

Build Orders: 1 Gate Expand, Blink Stalkers 

Get SALT Encoding   

  12  0:00  Probe  
  13  0:12  Probe  
  14  0:17  Pylon  
  14  0:24  Probe  
  15  0:32  Probe  
  15  0:36  Gateway  
  15  0:40  Probe  
  16  0:46  Assimilator  
  17  0:51  Probe  
  18  1:03  Probe  
  19  1:15  Probe  
  20  1:23  Cybernetics Core  
  20  1:32  Nexus  
  20  1:36  Probe  
  21  1:43  Pylon  
  21  1:48  Probe  
  21  1:51  Adept  
  21  1:52  Assimilator  
  22  2:00  Probe  
  23  2:03  Warp Gate  
  25  2:12  Probe  
  25  2:13  Stalker  
  28  2:26  Probe  
  29  2:33  Stalker  
  29  2:36  Twilight Council  
  31  2:49  Probe x2  
  33  2:55  Stalker, Gateway  
  33  3:00  Blink  
  33  3:02  Probe  
  33  3:04  Probe  
  37  3:18  Pylon  
  37  3:21  Probe  
  37  3:24  Probe  
  39  3:33  Probe  
  40  3:36  Probe  
  41  3:45  Probe  
  41  3:48  Probe  
  43  3:55  Stalker x2  
  47  3:57  Probe  
  47  4:00  Probe  
  46  4:12  Probe  
  47  4:18  Stalker x2  
  47  4:19  Probe  
  47  4:21  Pylon  
  52  4:24  Probe, Robotics Facility, Assimilator  
  53  4:33  Probe  
  54  4:41  Probe  
  54  4:42  Nexus  
  54  4:43  Stalker x2  
  59  4:49  Pylon  
  59  4:50  Probe  
  60  4:53  Probe  
  60  4:55  Pylon  
  61  5:02  Probe  
  61  5:07  Probe  
  63  5:16  Stalker x2  
  63  5:18  Probe  
  68  5:21  Probe  
  68  5:24  Observer  
  69  5:30  Probe  
  69  5:34  Probe  
  72  5:45  Stalker x2  
Tags
 
Add a new tag
Caveats
  • Supply blocks, unpowered buildings, or Contaminate may cause inaccurate times.
  • Supply counts are checked every 10 seconds.